 Dungeon Crawl Stone Soup version 0.28-a0-1147-gc7b72d3202 (webtiles) character file.

Game seed: 11069248803553390617

12094 Htamos the Thaumaturge (level 11, -1/56 HPs)
             Began as a Spriggan Monk on Dec 14, 2021.
             Was a High Priest of Kikubaaqudgha.
             Succumbed to a cane toad's poison
             ... on level 11 of the Dungeon.
             The game lasted 00:45:14 (19023 turns).

Htamos the Thaumaturge (Spriggan Monk)             Turns: 19023, Time: 00:45:15

Health: -1/56      AC: 10    Str:  7    XL:     11   Next: 57%
Magic:  30/30      EV: 18    Int: 18    God:    Kikubaaqudgha [*****.]
Gold:   290        SH:  0    Dex: 17    Spells: 20/38 levels left

rFire   + + .      SeeInvis +   z - +9 short sword (holy)
rCold   + . .      Faith    .   (shield restricted)
rNeg    . . .      Spirit   .   s - +2 troll leather armour
rPois   +          Reflect  .   (helmet restricted)
rElec   .          Harm     .   d - scarf {rC+ rF+}
rCorr   .          Rampage  .   (gloves unavailable)
Will    +....                   (boots unavailable)
Stlth   +++.......              (no amulet)
HPRegen 0.98/turn               l - +4 ring of protection
MPRegen 0.22/turn               c - ring of a Billion Spirits {+Blink rPois rF+ Int+6 Dex-5}

@: lethally poisoned (-1 -> -7), very quick
A: very small, no large weapons, unfitting armour, see invisible, speed 3
a: Renounce Religion, Evoke Blink, Receive Corpses, Torment


You were on level 11 of the Dungeon.
You worshipped Kikubaaqudgha.
Kikubaaqudgha was extremely pleased with you.
You visited 3 branches of the dungeon, and saw 13 of its levels.
You also visited: Ossuary.

You collected 530 gold pieces.
You spent 240 gold pieces at shops.

Inventory:

Hand Weapons
 a - a +0 short sword
 z - a +9 short sword of holy wrath (weapon)
 H - a +0 broad axe
Missiles
 g - 7 poisoned darts
 x - 4 atropa-tipped darts (quivered)
Armour
 b - a +0 robe
 d - a scarf of resistance (worn)
 s - a +2 troll leather armour (worn)
Jewellery
 c - the ring of a Billion Spirits (right hand) {+Blink rPois rF+ Int+6 Dex-5}
   (You acquired it in an ossuary)

   [ring of protection from fire]

   Int:       It affects your intelligence (+6).
   Dex:       It affects your dexterity (-5).
   rF:        It protects you from fire.
   rPois:     It protects you from poison.
   +Blink:    It lets you blink.
 f - a ring of positive energy
 k - a ring of wizardry
 l - a +4 ring of protection (left hand)
 m - a ring of protection from fire
 o - a ring of resist corrosion
 p - a ring of flight
 v - a +6 ring of dexterity
 y - a +6 ring of intelligence
 J - an amulet of the acrobat
 K - a +4 ring of slaying
 L - a ring of ice
 O - an amulet of guardian spirit
Wands
 M - a wand of digging (3)
Scrolls
 e - 3 scrolls of vulnerability
 h - a scroll of amnesia
 i - 2 scrolls of fear
 n - 6 scrolls of teleportation
 q - a scroll of torment
 r - a scroll of blinking
 w - 2 scrolls of magic mapping
 G - a scroll of noise
 Q - a scroll of brand weapon {unknown}
Potions
 j - 2 potions of attraction
 t - a potion of haste
 u - 2 potions of mutation {unknown}
 A - a potion of resistance {unknown}
 B - a potion of curing {@qc}
 C - 3 potions of degeneration {unknown}
 D - 2 potions of lignification {unknown}
 E - a potion of ambrosia {unknown}
 F - 3 potions of brilliance
 N - a potion of invisibility {unknown}
 P - a potion of flight {unknown}
 R - a potion of might {unknown}
Miscellaneous
 I - a piece from Xom's chessboard (1/15)


   Skills:
 * Level 6.2 Fighting
 + Level 4.0 Short Blades
 - Level 5.1 Dodging
 - Level 4.9 Stealth
 - Level 14.0 Spellcasting
 - Level 11.0 Necromancy
 - Level 0.5 Earth Magic


You had 20 spell levels left.
You knew the following spells:

 Your Spells              Type           Power      Damage    Failure   Level
a - Pain                  Necr           100%       1d9       1%          1
b - Sandblast             Erth           28%        2d8       6%          1
c - Sublimation of Blood  Necr           51%        N/A       1%          2
d - Passwall              Tmut/Erth      10%        N/A       11%         2
e - Vampiric Draining     Necr           51%        2d9       1%          3
f - Dispel Undead         Necr           51%        3d19      1%          4
g - Borgnjor's Vile Clut  Necr/Erth      16%        N/A       21%         5

Your spell library contained the following spells:

 Spells                   Type           Power      Damage    Failure   Level
 Corpse Rot               Necr/Air       64%        N/A       1%          2
 Animate Dead             Necr           25%        N/A       1%          4
 Shock                    Conj/Air       48%        1d6       8%          1
 Poisonous Vapours        Pois/Air       24%        N/A       12%         2
 Scorch                   Fire           24%        2d6       12%         2
 Wereblood                Tmut           12%        N/A       12%         2
 Death Channel            Necr           25%        N/A       13%         6
 Stone Arrow              Conj/Erth      26%        3d8       22%         3
 Ignite Poison            Fire/Tmut/Pois 12%        N/A       24%         3
 Inner Flame              Hex/Fire       12%        N/A       24%         3
 Mephitic Cloud           Conj/Pois/Air  12%        N/A       24%         3
 Swiftness                Air            12%        N/A       24%         3
 Animate Armour           Summ/Erth      26%        N/A       56%         4
 Airstrike                Air            6%         N/A       61%         4
 Cause Fear               Hex            6%         N/A       61%         4
 Flame Wave               Conj/Fire      12%        2d5       61%         4
 Simulacrum               Ice/Necr       16%        N/A       77%         6
 Freezing Cloud           Conj/Ice/Air   6%         6-21      91%         5
 Conjure Ball Lightning   Conj/Air       6%         3x3d6     100%        6
 Summon Cactus Giant      Summ           6%         N/A       100%        6
 Summon Hydra             Summ           6%         N/A       100%        7
 Discord                  Hex            6%         N/A       100%        8
 Disjunction              Tloc           6%         N/A       100%        8
 Lehudib's Crystal Spear  Conj/Erth      6%         10d3      100%        8


Dungeon Overview and Level Annotations

Branches:
Dungeon (11/15)            Temple (1/1) D:6            Lair (1/6) D:11
Ossuary (visited)
    Orc: D:9-12

Altars:
Ashenzari
Cheibriados
Elyvilon
Hepliaklqana
Kikubaaqudgha
Ru
Trog
Vehumet
Wu Jian
Yredelemnul
The Shining One

Shops:
D:9 *   D:11 ?

Annotations:
D:1 exclusion: dart slug
D:3 exclusion: downstairs
D:4 Grinder
D:9 exclusion: downstairs


Innate Abilities, Weirdness & Mutations

You are very small and have problems with some larger weapons.
You are too small for most types of armour.
You have supernaturally acute eyesight. (SInv)
You cover ground extremely quickly. (Speed+++)


Message History

The yak is heavily wounded.
The yak completely misses you.
You puncture the yak!
The yak is severely wounded.
The yak misses you.
You hit the yak but do no damage.
The yak is severely wounded.
The yak barely misses you.
You hit the yak but do no damage.
The yak is severely wounded.
You completely miss the yak.
The yak is severely wounded.
The yak gores you but does no damage.
You hit the yak.
The yak is severely wounded.
The yak misses you.
You puncture the yak!
You kill the yak!
Kikubaaqudgha accepts your kill.
There is a staircase to the Lair here.
You climb downwards.
Welcome back to the Lair of Beasts!
The cane toad stings you.
You are poisoned.
The cane toad poisons you!
The water moccasin bites you but does no damage.
The yak misses you. The yak closely misses you.
The cane toad closely misses you. The water moccasin closely misses you.
The yak completely misses you. The yak gores you!
There is a staircase back to the Dungeon, spattered with blood here.
You feel very sick. The water moccasin misses you. The cane toad misses you.
The blink frog hits you! The yak gores you!
* * * LOW HITPOINT WARNING * * *
The yak gores you!
* * * LOW HITPOINT WARNING * * *
The water moccasin bites you!
* * * LOW HITPOINT WARNING * * *
You climb upwards.
Welcome back to the Dungeon!
You die...
Kikubaaqudgha rasps: "You have failed me!
Welcome... death!"

# ### ###### ####
###)# #....## #..#
#..## ###.#FS#
.######..###.#.Y@####
.....#........#F#Y..#
.............#.###.##
.#............## #.##
#.#...#.....#..####.#
#####...##..##..[####
# ##.########### ##
### .#


You could see 2 yaks, a cane toad, a blink frog and a water moccasin.

Vanquished Creatures
  A hydra (D:11)
  A two-headed ogre (D:11)
  The ghost of Dwachs the Carver, a novice FoFi of Okawaru (D:6)
  An ugly thing (D:8)
  A manticore (D:11)
  An unseen horror (D:9)
  Psyche (D:9)
  3 komodo dragons
  3 trolls
  A hornet (D:9)
  3 blink frogs (D:11)
  A water elemental (D:11)
  A wraith (D:9)
  3 wyverns (D:11)
  A shadow (D:9)
  6 yaks
  2 steam dragons
  3 vampire mosquitoes (D:10)
  Grum (D:9)
  A water moccasin (D:6)
  5 orc warriors
  A hornet zombie (D:7)
  A sky beast (D:8)
  2 ice beasts
  4 wolves (D:9)
  An ogre (D:5)
  4 centaurs
  A phantom (D:5)
  5 kobold brigands
  2 bullfrogs
  3 scorpions
  2 water moccasin zombies
  A wyvern zombie (D:6)
  A wyvern skeleton (D:7)
  4 killer bees
  3 wights (D:8)
  2 electric eels (D:11)
  5 howler monkeys (D:9)
  2 centaur zombies
  3 hounds
  A jelly (D:4)
  8 orc priests
  6 orc wizards
  3 iguanas (D:5)
  A hound skeleton (D:4)
  2 mummies (Ossuary)
  A howler monkey zombie (D:5)
  4 adders
  An adder skeleton (D:4)
  10 adder zombies
  4 worms
  2 dart slugs (D:2)
  28 orcs
  5 bats
  8 endoplasms
  2 giant cockroaches
  6 gnoll zombies (Ossuary)
  3 goblins
  10 hobgoblins
  3 jackals (D:3)
  32 kobolds
  2 quokkas
  7 ball pythons
  4 frilled lizards
  3 hobgoblin zombies (Ossuary)
  7 kobold zombies (Ossuary)
  2 orc zombies (Ossuary)
  6 rats
259 creatures vanquished.

Vanquished Creatures (collateral kills)
  A howler monkey (D:11)
1 creature vanquished.

Vanquished Creatures (others)
  Erolcha (D:9)
  10 plants (D:11)
11 creatures vanquished.

Grand Total: 271 creatures vanquished

Notes
Turn   | Place    | Note
-------+----------+-------------------------------------------
     0 | D:1      | Htamos the Spriggan Monk began the quest for the Orb.
     0 | D:1      | Reached XP level 1. HP: 11/11 MP: 2/2
   317 | D:1      | Reached XP level 2. HP: 16/16 MP: 3/3
   322 | D:1      | Learned a level 1 spell: Sandblast
   989 | D:2      | Reached XP level 3. HP: 15/19 MP: 4/4
  1879 | D:2      | Found an ancient bone altar of Kikubaaqudgha.
  1900 | D:2      | Became a worshipper of Kikubaaqudgha
  1900 | D:2      | Reached * piety under Kikubaaqudgha
  1900 | D:2      | Received a gift from Kikubaaqudgha
  1900 | D:2      | Reached ** piety under Kikubaaqudgha
  1905 | D:2      | Learned a level 1 spell: Pain
  2026 | D:3      | Reached XP level 4. HP: 22/23 MP: 1/5
  3864 | D:4      | Found a snail-covered altar of Cheibriados.
  4175 | D:4      | Found an ornate altar of the Wu Jian Council.
  4176 | D:4      | Found a bloodstained altar of Trog.
  4177 | D:4      | Found a glowing golden altar of the Shining One.
  4267 | D:4      | Reached skill level 1 in Spellcasting
  4438 | D:4      | Reached skill level 5 in Dodging
  4438 | D:4      | Reached XP level 5. HP: 10/28 MP: 0/8
  4761 | D:4      | Reached skill level 1 in Necromancy
  4898 | D:4      | Noticed Grinder
  4932 | D:4      | Found a radiant altar of Vehumet.
  4936 | D:4      | Found a hazy altar of Hepliaklqana.
  4940 | D:4      | Found a broken altar of Ashenzari.
  5006 | D:4      | Reached skill level 2 in Spellcasting
  5114 | D:4      | Reached skill level 3 in Spellcasting
  5114 | D:4      | Reached XP level 6. HP: 20/32 MP: 9/11
  5274 | D:4      | Reached *** piety under Kikubaaqudgha
  5274 | D:4      | Received a gift from Kikubaaqudgha
  5637 | D:5      | Entered Level 5 of the Dungeon
  5899 | D:5      | Found a sand-covered staircase.
  5905 | Ossuary  | Entered an ossuary
  5913 | Ossuary  | Identified a scroll of acquirement
  5915 | Ossuary  | Acquired the ring of a Billion Spirits {+Blink rPois rF+
                  | Int+6 Dex-5}
  6329 | Ossuary  | Reached skill level 4 in Spellcasting
  6499 | D:5      | Reached **** piety under Kikubaaqudgha
  6500 | D:5      | Reached XP level 7. HP: 25/36 MP: 14/14
  6774 | D:5      | Reached skill level 5 in Spellcasting
  6820 | D:5      | Noticed a komodo dragon
  6883 | D:5      | Killed a komodo dragon
  6887 | D:5      | Learned a level 2 spell: Sublimation of Blood
  6890 | D:5      | Learned a level 2 spell: Passwall
  6894 | D:5      | Learned a level 3 spell: Vampiric Draining
  6899 | D:5      | Learned a level 4 spell: Dispel Undead
  7252 | D:5      | Reached skill level 6 in Spellcasting
  7487 | D:5      | Noticed a troll
  7520 | D:5      | Killed a troll
  7521 | D:5      | Reached skill level 7 in Spellcasting
  7521 | D:5      | Reached skill level 5 in Necromancy
  7521 | D:5      | Reached XP level 8. HP: 29/40 MP: 8/19
  8305 | D:6      | Found a staircase to the Ecumenical Temple.
  8503 | D:6      | Reached skill level 8 in Spellcasting
  8667 | D:6      | Noticed Dwachs's ghost (novice FoFi)
  8669 | D:6      | Found a runed translucent door.
  8844 | D:6      | Killed Dwachs's ghost
  8845 | D:6      | Reached skill level 9 in Spellcasting
  8845 | D:6      | Reached XP level 9. HP: 44/44 MP: 9/23
  9042 | D:6      | Found a sacrificial altar of Ru.
  9137 | Temple   | Entered the Ecumenical Temple
  9956 | D:7      | Reached skill level 10 in Spellcasting
 10596 | D:8      | Learned a level 5 spell: Borgnjor's Vile Clutch
 10672 | D:8      | Found a white marble altar of Elyvilon.
 11123 | D:8      | Noticed a purple ugly thing
 11226 | D:8      | Killed a purple ugly thing
 11227 | D:8      | Reached skill level 11 in Spellcasting
 11542 | D:8      | Reached ***** piety under Kikubaaqudgha
 11903 | D:8      | Found a basalt altar of Yredelemnul.
 12413 | D:9      | Noticed Psyche
 12425 | D:9      | Killed Psyche
 12426 | D:9      | Reached XP level 10. HP: 37/49 MP: 24/26
 12439 | D:9      | Noticed Grum
 12462 | D:9      | Killed Grum
 12717 | D:9      | Reached skill level 12 in Spellcasting
 12907 | D:9      | Found Qaseheav's Assorted Antiques.
 13181 | D:9      | Noticed Erolcha
 13506 | D:10     | Entered Level 10 of the Dungeon
 13727 | D:9      | Killed Erolcha
 13819 | D:9      | Reached skill level 10 in Necromancy
 14329 | D:9      | Reached skill level 13 in Spellcasting
 16130 | D:11     | Reached XP level 11. HP: 50/52 MP: 16/29
 17184 | D:11     | Noticed a two-headed ogre
 17274 | D:11     | Killed a two-headed ogre
 17683 | D:11     | Reached skill level 5 in Fighting
 18136 | D:11     | Found a staircase to the Lair.
 18295 | D:11     | Found Emynid's Magic Scroll Boutique.
 18303 | D:11     | Bought a scroll of enchant weapon for 120 gold pieces
 18303 | D:11     | Bought a scroll of enchant weapon for 120 gold pieces
 18425 | Lair:1   | Entered Level 1 of the Lair of Beasts
 18425 | Lair:1   | Noticed a five-headed hydra
 18664 | D:11     | Killed a five-headed hydra
 18665 | D:11     | Reached skill level 14 in Spellcasting
 19023 | D:11     | Succumbed to a cane toad's poison

Illustrated notes

Levels and vault maps discovered:
D:1:      shiori_shiawase, layout_basic,
          hellmonk_ecumenical_altar_pennies_from_heaven
D:2:      layout_rooms, basic_altar, minmay_indecisive_spiral
D:3:      layout_basic
D:4:      layout_loops_corners, grunt_temple_overflow_diamond,
          mainiacjoe_overflow_chevrons,
          chequers_temple_overflow_statue_of_worship, hangedman_decor_growths,
          uniq_grinder
D:5:      layout_loops_corners, nicolae_ossuary_entry_monument, chequers_avenue,
          kennysheep_generic_room_13
D:6:      layout_cave_pools, kennysheep_mini, minmay_temple_entry_wispy,
          hellmonk_ghost_happy_afterlife
D:7:      layout_cave_pools
D:8:      layout_loops_corners, marbit_many_paths, elyvilon_altar_4
D:9:      layout_rooms, serial_shops, nicolae_stop_n_shop_1, minmay_circle_x,
          uniq_erolcha, uniq_grum, uniq_psyche
D:10:     layout_rooms
D:11:     layout_loops_ring, erik_lair_dragon, serial_shops, shop,
          serial_bayou_lagoon_b
Temple:   hc_temple_tempest_star
Lair:1:   layout_long_grid, minivault_26, kennysheep_abandoned_house

Skill      XL: |  1  2  3  4  5  6  7  8  9 10 11 |
---------------+----------------------------------+-----
Stealth        | 4 |  4.9
Short Blades   | 4 |  4.0
Fighting       | 3 6 |  6.2
Spellcasting   | 1 3 4 7 9 11 13 14 | 14.0
Dodging        | 5 |  5.1
Necromancy     | 2 3 5 7 8 10 11 | 11.0
Earth Magic    | |  0.5

Action                   |  1- 3 |  4- 6 |  7- 9 | 10-12 || total
-------------------------+-------+-------+-------+-------++-------
Melee: Short sword       |   126 |   217 |    22 |    94 ||   459
       Unarmed           |       |       |     5 |    27 ||    32
Throw: Stone             |    18 |       |       |       ||    18
       Dart              |       |       |       |     4 ||     4
       Throwing net      |       |       |       |     2 ||     2
 Cast: Sandblast         |    12 |    46 |       |       ||    58
       Pain              |     4 |    41 |   271 |   224 ||   540
       Dispel Undead     |       |       |    11 |     5 ||    16
       Vampiric Draining |       |       |       |    63 ||    63
       Borgnjor's Vile C |       |       |       |     3 ||     3
Evoke: Wand              |       |     1 |     4 |    11 ||    16
       Piece from Xom's  |       |       |       |    15 ||    15
  Use: Potion            |     1 |       |     1 |    11 ||    13
       Scroll            |       |    12 |     1 |    11 ||    24
 Stab: Sleeping          |    11 |     9 |     3 |     4 ||    27
       Distracted        |       |     1 |       |     1 ||     2
       Confused          |       |       |       |     1 ||     1
       Held in net/web   |       |       |       |     1 ||     1
Armor: Robe              |    10 |    17 |     7 |    24 ||    58
       Skin              |       |       |     1 |     3 ||     4
       Troll leather arm |       |       |       |     8 ||     8
Dodge: Dodged            |    96 |   162 |    78 |   312 ||   648

Table legend: (Time is in decaauts)
 A = Elapsed time spent in this place.
 B = Non-inter-level travel time spent in this place.
 C = Inter-level travel time spent in this place.
 D = Time resting spent in this place.
 E = Time spent auto-exploring this place.
 F = Levels seen in this place.
 G = Mean time per level.
                   A        B        C        D        E       F      G
               +--------+--------+--------+--------+--------+-----+--------+
         Total |  15456 |  14832 |    624 |   3682 |   7786 |  14 | 1104.0 |
       Dungeon |  14882 |  14259 |    623 |   3307 |   7786 |  11 | 1352.9 |
        Temple |    114 |    114 |      0 |    113 |      0 |   1 |  114.0 |
          Lair |     19 |     19 |      0 |      0 |      0 |   1 |   19.0 |
       Ossuary |    440 |    440 |      0 |    262 |      0 |   1 |  440.0 |
               +--------+--------+--------+--------+--------+-----+--------+

Top non-repeatable levels by time:
     D:9: 2779 daAuts
    D:11: 1889 daAuts
     D:8: 1634 daAuts
     D:5: 1566 daAuts
     D:4: 1502 daAuts
     D:3: 1414 daAuts
     D:6: 946 daAuts
     D:7: 853 daAuts
     D:2: 836 daAuts
    D:10: 759 daAuts
     D:1: 699 daAuts
 Ossuary: 440 daAuts
  Temple: 114 daAuts
  Lair:1: 19 daAuts
